 Dungeon Crawl Stone Soup version 0.21-a0-460-g737a915 (webtiles) character file.

91 slep the Skirmisher (level 4, -3/38 HPs)
             Began as a Demonspawn Monk on Nov 21, 2017.
             Slain by an orc
             ... wielding a +2 flail of protection
              (9 damage)
             ... on level 3 of the Dungeon.
             The game lasted 00:04:48 (1013 turns).

slep the Skirmisher (Demonspawn Monk)               Turns: 1013, Time: 00:04:48

Health: -3/38      AC:  7    Str: 12    XL:     4   Next: 33%
Magic:  4/4        EV: 12    Int: 11    God:
Gold:   63         SH:  0    Dex: 16    Spells: 3/3 levels left

rFire    . . .     SeeInvis .   a - +0 falchion
rCold    + . .     Gourm    .   (no shield)
rNeg     . . .     Faith    .   h - +0 ring mail
rPois    .         Spirit   .   (no helmet)
rElec    .         Reflect  .   (no cloak)
rCorr    .         Harm     .   k - +0 pair of gloves
MR       .....     Rnd*Tele +   (no boots)
Stlth    +.........             p - amulet of magic regeneration
HPRegen  0.12/turn              d - ring of teleportation (curse)
MPRegen  0.34/turn              (no ring)

@: no status effects
A: rugged brown scales 1, cold resistance 1
a: no special abilities


You were on level 3 of the Dungeon.
You were very full.

You visited 1 branch of the dungeon, and saw 3 of its levels.

You collected 63 gold pieces.

Inventory:

Hand Weapons
 a - a +0 falchion (weapon)
Armour
 b - a +0 robe
 h - a +0 ring mail (worn)
 k - a +0 pair of gloves (worn)
Jewellery
 d - a cursed ring of teleportation (left hand)
 i - an uncursed amulet of the gourmand
 p - an amulet of magic regeneration (around neck)
Scrolls
 j - 3 scrolls of identify {unknown}
 q - 2 scrolls of teleportation {unknown}
 r - a scroll of amnesia {unknown}
Potions
 e - a potion of heal wounds {unknown}
 g - 3 potions of flight {unknown}
 l - a potion of degeneration {unknown}
 n - a potion of curing {unknown}
 o - a potion of cancellation {unknown}
Comestibles
 c - a bread ration
 f - a meat ration
 m - a royal jelly


   Skills:
 + Level 3.8 Fighting
 + Level 3.7 Long Blades
 + Level 0.7 Armour
 + Level 3.0 Dodging
 + Level 1.8 Stealth


You had 3 spell levels left.
You didn't know any spells.

Dungeon Overview and Level Annotations

Branches:
Dungeon (3/15)

Altars:


Innate Abilities, Weirdness & Mutations

You are partially covered in rugged brown scales. (AC +1, +3% HP)
Your flesh is cold resistant. (rC+)


Message History

The orc wizard hits you with a dagger.
You hit the orc wizard.
You kill the orc wizard!
Your Dodging skill increases to level 3!
You have reached level 4!
You feel stronger.
You closely miss the orc.
The orc hits you with a flail of protection.
Your ring mail prevents you from hitting the orc.
The orc hits you with a flail of protection.
You hit the orc but do no damage.
The orc hits you with a flail of protection.
You barely miss the orc. The orc closely misses you.
You riposte.
You hit the orc but do no damage. You closely miss the orc.
The orc hits you with a flail of protection!
* * * LOW HITPOINT WARNING * * *
You closely miss the orc.
The orc hits you with a flail of protection!
You die...

########.#########
#.##.......
..######.....#
#.........#..#
#.#####...#..# .#.#
#...#..# .....
#...#..#####
......##...#......#
.....$o@...#......#
......##..........##
..... ............#
#### ...###......#
#...# #.####.#
#...###.#....#
..........####
#.#.#......###.#
#.#............#


You could see an orc.

Vanquished Creatures
  An orc wizard (D:3)
  An adder (D:2)
  2 oozes
  A worm (D:2)
  A dart slug (D:1)
  2 leopard geckos (D:2)
  An orc (D:3)
  A giant cockroach (D:1)
  4 hobgoblins (D:1)
  3 jackals (D:2)
  2 quokkas (D:2)
  A ball python (D:2)
  4 bats
  3 frilled lizards
  3 goblins (D:1)
  6 kobolds
  2 rats
38 creatures vanquished.

Notes
Turn   | Place    | Note
-------+----------+-------------------------------------------
     0 | D:1      | slep the Demonspawn Monk began the quest for the Orb.
     0 | D:1      | Reached XP level 1. HP: 18/18 MP: 1/1
   219 | D:1      | Gained mutation: Your flesh is cold resistant. (rC+) [demonic ancestry]
   219 | D:1      | Reached XP level 2. HP: 24/24 MP: 2/2
   690 | D:2      | Gained mutation: You are partially covered in rugged brown scales. (AC +1, +3% HP) [demonic ancestry]
   690 | D:2      | Reached XP level 3. HP: 14/29 MP: 3/3
  1007 | D:3      | Reached XP level 4. HP: 18/38 MP: 4/4
  1013 | D:3      | Slain by an orc

Vault maps used:
D:1:      minmay_arrival_nine_rooms
D:3:      nicolae_overflow_hidden_temple, nicolae_ashenzari_panopticon,
          gammafunk_temple_overflow_forgotten, first_bread,
          minmay_misc_feat_pillars

Skill      XL: |  1  2  3 |
---------------+----------+-----
Long Blades    | 3 |  3.7
Dodging        | 3 |  3.0
Fighting       | |  3.8
Armour         | |  0.7
Stealth        | |  1.8

Action                   |  1- 3 |  4- 6 || total
-------------------------+-------+-------++-------
Melee: Falchion          |   113 |     6 ||   119
 Stab: Sleeping          |     1 |       ||     1
  Eat: Chunk             |     9 |       ||     9
Armor: Robe              |     3 |       ||     3
       Ring mail         |    44 |       ||    44
Dodge: Dodged            |    72 |     1 ||    73
       Rpst.: Falchion   |    18 |     1 ||    19

Table legend:
 A = Spawn XP
 B = Non-spawn XP
 C = Spawn XP percentage of total XP
 D = Spawn monster count
 E = Non-spawn monster count
 F = Spawn count percentage of total count
 G = Total turns spent on level
                    A         B        C        D         E        F      G
               +---------+---------+-------+---------+---------+-------+---------
         Total |       0 |     130 |   0.0 |       0 |      38 |   0.0 |  1013
               +---------+---------+-------+---------+---------+-------+---------
           D:1 |       0 |      30 |   0.0 |       0 |      15 |   0.0 |   594
           D:2 |       0 |      53 |   0.0 |       0 |      20 |   0.0 |   357
           D:3 |       0 |      47 |   0.0 |       0 |       3 |   0.0 |    62
               +---------+---------+-------+---------+---------+-------+---------
